 Dungeon Crawl Stone Soup version 0.19.0-16-g73b5abf (webtiles) character file.

434 dobroeutro the Cleaver (level 6, -2/51 HPs)
             Began as a Minotaur Berserker on Nov 10, 2016.
             Was a Believer of Trog.
             Slain by an ufetubus (3 damage)
             ... summoned by Eustachio
             ... on level 4 of the Dungeon.
             The game lasted 00:03:12 (1996 turns).

dobroeutro the Cleaver (Minotaur Berserker)         Turns: 1996, Time: 00:03:12

Health: -2/51      AC: 11    Str: 18 (20) XL:     6   Next: 68%
Magic:  5/5        EV:  7    Int:  1 (4)  God:    Trog [**....]
Gold:   219        SH:  0    Dex:  9 (11) Spells: 0 memorised, 5 levels left

rFire  . . .     SeeInvis .     a - +0 hand axe
rCold  . . .     Gourm    .     g - +0 chain mail
rNeg   . . .     Faith    .     (no shield)
rPois  .         Spirit   .     (helmet restricted)
rElec  .         Reflect  .     (no cloak)
rCorr  .         Harm     .     (no gloves)
MR     .....                    (no boots)
Stlth  ..........               (no amulet)
                                (no ring)
                                i - +3 ring of protection

@: lethally poisoned (-2 -> -27), exhausted, slowed, very slow
A: retaliatory headbutt, horns 2, screaming 1, weak 1, wild magic 1
a: Berserk, Trog's Hand, Burn Spellbooks, Renounce Religion


You were on level 4 of the Dungeon.
You worshipped Trog.
Trog was pleased with you.
You were not hungry.

You visited 1 branch of the dungeon, and saw 4 of its levels.

You collected 219 gold pieces.

Inventory:

Hand Weapons
 a - a +0 hand axe (weapon)
Armour
 g - a +0 chain mail (worn)
Jewellery
 i - a +3 ring of protection (left hand)
 l - a +3 ring of intelligence {unknown}
Scrolls
 d - 3 scrolls of remove curse {unknown}
 f - a scroll of enchant weapon {unknown}
 h - a scroll of noise {unknown}
 k - 2 scrolls of teleportation {unknown}
 m - a scroll of enchant armour {unknown}
 q - a scroll of recharging {unknown}
 r - 6 scrolls of identify {unknown}
 u - a scroll of immolation {unknown}
 v - a scroll of blinking {unknown}
Comestibles
 c - 2 bread rations
 n - a beef jerky
 p - 3 meat rations


   Skills:
 - Level 3.6 Fighting
 + Level 9.2 Axes
 - Level 2.4 Armour
 - Level 2.1 Dodging


You had 5 spell levels left.
You didn't know any spells.

Dungeon Overview and Level Annotations

Branches:
Dungeon (4/15)             Temple (0/1) D:4

Altars:
Dithmenos
Makhleb
Nemelex Xobeh

Shops:
D:4 [

Annotations:
D:4 1 runed door, Eustachio


Innate Abilities, Weirdness & Mutations

You reflexively headbutt those who attack you in melee.
You have a pair of horns on your head.
You occasionally shout uncontrollably at your foes.
You are weak. (Str -2)
Your spells are a little harder to cast, but a little more powerful.


Message History

* * * LOW HITPOINT WARNING * * *
The ufetubus hits you.
* * * LOW HITPOINT WARNING * * *
The river rat bites you but does no damage.
The crimson imp blinks!
The ufetubus hits you but does no damage.
The ufetubus hits you.
* * * LOW HITPOINT WARNING * * *
Eustachio hits you but does no damage.
You are more poisoned.
The river rat bites you!
* * * LOW HITPOINT WARNING * * *
You closely miss Eustachio.
You headbutt Eustachio, but do no damage.
Eustachio is almost dead.
You hit the crimson imp. You closely miss the river rat.
You closely miss the ufetubus.
* * * LOW HITPOINT WARNING * * *
You feel sick. The ufetubus hits you.
You die...

#.. .##..# ......#
.......## ........##
......?..##
.......@>.##
......§@...#
......5r5..#
.........).# ...
...>......<# ......
..........># ......
...........# .......
....5......### ##.....#
.............####.b...#
...........##)§#....#


You could see Eustachio, 2 crimson imps, a river rat and an ufetubus.

Vanquished Creatures
  Sigmund (D:4)
  An ogre (D:4)
  A hound (D:4)
  An orc priest (D:4)
  An orc wizard (D:4)
  Robin (D:4)
  3 adders
  2 worms
  A dart slug (D:1)
  A leopard gecko (D:3)
  2 orcs (D:4)
  4 bats (D:1)
  A giant cockroach (D:3)
  12 goblins
  8 hobgoblins
  6 jackals
  5 kobolds (D:1)
  2 quokkas
  A ball python (D:3)
  3 frilled lizards
  4 rats
61 creatures vanquished.

Notes
Turn   | Place    | Note
-------+----------+-------------------------------------------
     0 | D:1      | dobroeutro the Minotaur Berserker began the quest for the Orb.
     0 | D:1      | Reached XP level 1. HP: 19/19 MP: 0/0
    13 | D:1      | Noticed a minotaur skeleton
    19 | D:1      | Noticed a minotaur skeleton
    21 | D:1      | Noticed a minotaur skeleton
    48 | D:1      | Reached skill level 4 in Axes
    53 | D:1      | Reached XP level 2. HP: 16/26 MP: 1/1
   300 | D:1      | Reached ** piety under Trog
   330 | D:1      | Reached skill level 5 in Axes
   382 | D:2      | Found a faded altar of an unknown god.
   405 | D:2      | Reached XP level 3. HP: 23/31 MP: 2/2
   556 | D:2      | Found a sparkling altar of Nemelex Xobeh.
  1056 | D:3      | Found a shadowy altar of Dithmenos.
  1228 | D:3      | Found a burning altar of Makhleb.
  1246 | D:4      | Noticed an ogre
  1255 | D:4      | Killed an ogre
  1255 | D:4      | Reached skill level 7 in Axes
  1255 | D:4      | Reached XP level 4. HP: 13/39 MP: 3/3
  1255 | D:4      | Reached XP level 5. HP: 16/45 MP: 4/4
  1307 | D:4      | Found Ymoetyv's Antique Armour Boutique.
  1412 | D:4      | Noticed Sigmund
  1419 | D:4      | Killed Sigmund
  1419 | D:4      | Reached skill level 8 in Axes
  1419 | D:4      | Reached XP level 6. HP: 47/51 MP: 5/5
  1514 | D:4      | Found a runed door.
  1680 | D:4      | Noticed Robin
  1690 | D:4      | Reached skill level 9 in Axes
  1696 | D:4      | Killed Robin
  1700 | D:4      | Noticed Eustachio
  1727 | D:4      | Gained mutation: Your spells are a little harder to cast, but a little more powerful. [potion of mutation]
  1727 | D:4      | Gained mutation: You are weak. (Str -2) [potion of mutation]
  1727 | D:4      | Gained mutation: You occasionally shout uncontrollably at your foes. [potion of mutation]
  1734 | D:4      | Found a staircase to the Ecumenical Temple.
  1995 | D:4      | HP: 2/51 [river rat[Eustachio] (7)]
  1996 | D:4      | Slain by an ufetubus

Skill      XL: |  1  2  3  4  5  6 |
---------------+-------------------+-----
Axes           | 4 5 7 8 9 |  9.2
Fighting       | |  3.6
Armour         | |  2.4
Dodging        | |  2.1

Action                   |  1- 3 |  4- 6 || total
-------------------------+-------+-------++-------
Melee: Hand axe          |    91 |    84 ||   175
       Headbutt          |     7 |    16 ||    23
Invok: Berserk           |     1 |     3 ||     4
  Use: Potion            |       |     6 ||     6
  Eat: Chunk             |     1 |     3 ||     4
       Bread ration      |       |     1 ||     1
Armor: Animal skin       |     3 |       ||     3
       Chain mail        |    41 |    83 ||   124
Dodge: Dodged            |    47 |    73 ||   120
